Workbook

Sheet Impots A FINIR
E2: REVENUS DES ASSISTANT(E)S MATERNEL(LE)S AGREE(E)S
E4: Régime particulier - Joindre une copie de l’agrément
E5: Option irrévocable à la date de dépôt de la 2042
B6: 2021 | E6: (Un état par enfant)
B7: ASSISTANT(E) MATERNEL(LE) | F7: Nom et adresse des parents:
F11: Nom et Prénom de l'enfant
B14: 1) Revenus
B15: a) Salaires nets + congés payés + indemnités d'absence + CSG et CRDS non déductible (2,9%) y compris les heures complémentaires et supplémentaires: | I15: =SUM('Déclaration attestation'!B10:B21) -> 4596.977 | J15: A1
B16: b) Indemnités de nourriture et d'entretien : | I16: =SUM('Déclaration attestation'!C24+'Déclaration attestation'!E24) -> 170.15 | J16: A2
B17: TOTAL (A1 + A2) | H17: =I15+I16 -> 4767.127 | J17: A3
B19: 2) Nombre de jours de garde de l'enfant | H19: Nombre de jours
B20: a) Nombre de jours de garde de plus de 8 heures et de moins de 24 heures consécutives : | I20: =SUM('Déclaration attestation'!H24) -> 5 | J20: B1
B21: b) Garde de moins de 8 heures par jour : | D21: Total annuel des heures de garde effective = 8 heures | H21: =SUM('Déclaration attestation'!I24) -> 3.3333333 | I21: =H21/8 -> 0.41666667 | J21: B2
B23: TOTAL (B1 + B2) = | I23: =SUM(I20+I21) -> 5.4166667 | J23: B3
B24: c) Nombre de jours de garde de 24 heures consécutives : | I24: 0 | J24: B4
B26: 3) Calcul de la somme forfaitaire à déduire | H26: nombre de jours | I26: soit montant des frais
B27: Taux Horaire 9,88 € | D27: Cas général | E27: 10,15 € x 3 x nombre de jours indiqués en B3 | H27: =SUM('Déclaration attestation'!F24) -> 193 | I27: =10.15*3*I23 -> 164.9375 | J27: C1
D28: Garde de 24 H | E28: 10,15 € x 4 x nombre de jours indiqués en B4 | H28: 0 | I28: 0 | J28: C2
B29: OU, si l'enfant gardé est handicapé :
B30: Garde d'enfant handicapé : | D30: Cas général | E30: 10,15 € x 4 x nombre de jours indiqués en B3 | H30: 0 | I30: 0 | J30: C3
D31: Garde de 24 H | E31: 10,15 € x 5 x nombre de jours indiqués en B4 | H31: 0 | I31: 0 | J31: C4
B32: TOTAL (C1+ C2 ou C3 + C4) = | I32: =SUM(I27+I28) -> 164.9375 | J32: C5
B34: 4) Somme à déclarer (avec d'autres états éventuels) à la rubrique "• 1 SALAIRES" lignes AJ ou BJ pour le montant calculé en D1 et 1GA ou 1HA pour l'abattement calculé en C5
C36: =H17 -> 4767.127 | D36: - | E36: =I32 -> 164.9375 | F36: = | G36: =H17-I32 -> 4602.1895
C38: (A3) | E38: (C5) | G38: (D1)
B40: Les indemnités maladie et maternité éventuellement perçues dans l'année doivent être ajoutées à cette somme. Les indemnités POLE EMPLOI sont à déclarer à la rubrique 1AP ou BP.

Sheet Déclaration attestation
A1: Employeur | D1: =[1]Informations!F5 -> CHRISTIANE | G1: Enfant:
A2: Adresse
A4: N° Employeur | B4: =([1]Informations!C1) -> Y 000 000 000 0
A6: Déclaration de revenus | E6: =([1]Informations!K21) -> 2022
A8: Mois | B8: salaire | C8: indemnités | D8: repas | E8: Forfait | F8: Jours | G8: frais | H8: journées | I8: Nb/h si jour
A9: =[1]Informations!K21 -> 2022 | B9: imposable | C9: d'entretien | D9: fournis | E9: Repas | F9: d'activités | G9: kms | H9: de 8 h et + | I9: moins de 8h
A10: Janvier | B10: =([1]Janvier!N78) -> 362.626 | C10: =([1]Janvier!M94) -> 2.95 | D10: =([1]Janvier!O94) -> 0 | E10: =D10*2 -> 0 | F10: =([1]Janvier!F94) -> 16 | G10: 0 | H10: =([1]Janvier!L94) -> 0 | I10: =([1]Janvier!N94) -> 0
A11: Février | B11: =([1]Février!N78) -> 359.205 | C11: =[1]Février!M94 -> 5.9 | D11: =([1]Février!O94) -> 0 | E11: =D11*2 -> 0 | F11: =[1]Février!F94 -> 15 | G11: 0 | H11: =[1]Février!L94 -> 0 | I11: =[1]Février!N94 -> 0
A12: Mars | B12: =[1]Mars!N78 -> 452.001 | C12: =[1]Mars!M94 -> 8.85 | D12: =[1]Mars!O94 -> 0 | E12: =D12*2 -> 0 | F12: =[1]Mars!F94 -> 19 | G12: 0 | H12: =[1]Mars!L94 -> 1 | I12: =[1]Mars!N94 -> 1.0416667
A13: Avril | B13: =[1]Avril!N78 -> 452.43 | C13: =[1]Avril!M94 -> 11.8 | D13: =[1]Avril!O94 -> 0 | E13: =D13*2 -> 0 | F13: =[1]Avril!F94 -> 19 | G13: 0 | H13: =[1]Avril!L94 -> 2 | I13: =[1]Avril!N94 -> 1.125
A14: Mai | B14: =[1]Mai!N78 -> 456.28 | C14: =[1]Mai!M94 -> 14.75 | D14: =[1]Mai!O94 -> 1 | E14: =D14*2 -> 2 | F14: =[1]Mai!F94 -> 19 | G14: 0 | H14: =[1]Mai!L94 -> 2 | I14: =[1]Mai!N94 -> 1.1666667
A15: Juin | B15: =[1]Juin!N78 -> 359.205 | C15: =[1]Juin!M94 -> 17.7 | D15: =[1]Juin!O94 -> 0 | E15: =D15*2 -> 0 | F15: =[1]Juin!F94 -> 15 | G15: 0 | H15: =[1]Juin!L94 -> 0 | I15: =[1]Juin!N94 -> 0
A16: Juillet | B16: =[1]Juillet!N78 -> 359.205 | C16: =[1]Juillet!M94 -> 17.7 | D16: =[1]Juillet!O94 -> 0 | E16: =D16*2 -> 0 | F16: =[1]Juillet!F94 -> 15 | G16: 0 | H16: =[1]Juillet!L94 -> 0 | I16: =[1]Juillet!N94 -> 0
A17: Août | B17: =[1]Août!N78 -> 359.205 | C17: =[1]Août!M94 -> 17.7 | D17: =[1]Août!O94 -> 0 | E17: =D17*2 -> 0 | F17: =[1]Août!F94 -> 15 | G17: 0 | H17: =[1]Août!L94 -> 0 | I17: =[1]Août!N94 -> 0
A18: Septembre | B18: =[1]Septembre!N78 -> 359.205 | C18: =[1]Septembre!M94 -> 17.7 | D18: =[1]Septembre!O94 -> 0 | E18: =D18*2 -> 0 | F18: =[1]Septembre!F94 -> 15 | G18: 0 | H18: =[1]Septembre!L94 -> 0 | I18: =[1]Septembre!N94 -> 0
A19: Octobre | B19: =[1]Octobre!N78 -> 359.205 | C19: =[1]Octobre!M94 -> 17.7 | D19: =[1]Octobre!O94 -> 0 | E19: =D19*2 -> 0 | F19: =[1]Octobre!F94 -> 15 | G19: 0 | H19: =[1]Octobre!L94 -> 0 | I19: =[1]Octobre!N94 -> 0
A20: Novembre | B20: =[1]Novembre!N78 -> 359.205 | C20: =[1]Novembre!M94 -> 17.7 | D20: =[1]Novembre!O94 -> 0 | E20: =D20*2 -> 0 | F20: =[1]Novembre!F94 -> 15 | G20: 0 | H20: =[1]Novembre!L94 -> 0 | I20: =[1]Novembre!N94 -> 0
A21: Décembre | B21: =[1]Décembre!N78 -> 359.205 | C21: =[1]Décembre!M94 -> 17.7 | D21: =[1]Décembre!O94 -> 0 | E21: =D21*2 -> 0 | F21: =[1]Décembre!F94 -> 15 | G21: 0 | H21: =[1]Décembre!L94 -> 0 | I21: =[1]Décembre!N94 -> 0
B23: Total 1 | C23: Total 2 | D23: Total 3 | E23: Total 4 | F23: Total 5 | G23: Total 6 | H23: Total jours | I23: Total heures
B24: =SUM(B10:B22) -> 4596.977 | C24: =SUM(C10:C22) -> 168.15 | D24: =SUM(D10:D22) -> 1 | E24: =SUM(E10:E22) -> 2 | F24: =SUM(F10:F22) -> 193 | G24: =SUM(G10:G22) -> 0 | H24: =SUM(H10:H22) -> 5 | I24: =SUM(I10:I21) -> 3.3333333
A27: Le | B27: =NOW() -> 44235.54 | F27: Signature employeur:

Sheet Feuil1
